 Dungeon Crawl Stone Soup version 0.24.0-41-g2ae2f7f1be (webtiles) character file.

Game seed: 9173942231504339956, levelgen mode: deterministic

106 FishyPogo the Cutter (level 4, -2/41 HPs)
             Began as a Gnoll Chaos Knight on Dec 14, 2019.
             Was a Plaything of Xom.
             Slain by a river rat (5 damage)
             ... on level 3 of the Dungeon.
             The game lasted 00:03:57 (1584 turns).

FishyPogo the Cutter (Gnoll Chaos Knight)           Turns: 1584, Time: 00:03:58

Health: -2/41      AC:  7    Str: 15    XL:     4   Next: 84%
Magic:  5/5        EV: 13    Int: 12    God:    Xom [......]
Gold:   91         SH:  0    Dex: 15    Spells: 5/5 levels left

rFire    . . .     SeeInvis .   a - +0 short sword (chaos)
rCold    . . .     Gourm    .   (no shield)
rNeg     . . .     Faith    .   b - +2 leather armour
rPois    .         Spirit   .   (no helmet)
rElec    .         Reflect  .   (no cloak)
rCorr    .         Harm     .   (no gloves)
MR       .....                  r - +1 pair of boots
Stlth    +.........             m - amulet of rage
HPRegen  0.13/turn              g - ring of attention (curse)
MPRegen  0.09/turn              (no ring)

@: lethally poisoned (-2 -> -4), flying
A: distributed training, fangs 1, deterioration 1, dopey 1, strong nose
a: Renounce Religion, Evoke Berserk Rage


You were on level 3 of the Dungeon.
You worshipped Xom.
You were a very special plaything of Xom.
You were not hungry.

You visited 1 branch of the dungeon, and saw 3 of its levels.

You collected 91 gold pieces.

Inventory:

Hand Weapons
 a - a +0 short sword of chaos (weapon)
Missiles
 f - 42 stones (quivered)
 p - 13 poisoned darts
Armour
 b - a +2 leather armour (worn)
 r - a +1 pair of boots (worn)
Jewellery
 d - a cursed ring of positive energy {unknown}
 g - a cursed ring of attention (left hand)
 m - an amulet of rage (around neck)
Wands
 n - a wand of flame (24)
Scrolls
 e - 3 scrolls of random uselessness {unknown}
 h - 6 scrolls of identify {unknown}
 i - 4 scrolls of teleportation {unknown}
 o - a scroll of enchant armour
 q - a scroll of amnesia
Comestibles
 c - 8 rations
 l - a chunk of flesh


   Skills:
 + Level 6.6 Fighting
 + Level 6.6 Short Blades
 + Level 1.2 Long Blades
 + Level 1.2 Axes
 + Level 1.2 Maces & Flails
 + Level 1.2 Polearms
 + Level 1.2 Staves
 + Level 1.2 Slings
 + Level 1.2 Bows
 + Level 1.2 Crossbows
 + Level 1.2 Throwing
 + Level 4.7 Armour
 + Level 2.8 Dodging
 + Level 1.2 Stealth
 + Level 1.2 Shields
 + Level 1.2 Unarmed Combat
 + Level 1.2 Spellcasting
 + Level 1.0 Conjurations
 + Level 1.0 Hexes
 + Level 1.0 Charms
 + Level 1.0 Summonings
 + Level 1.0 Necromancy
 + Level 1.0 Translocations
 + Level 1.0 Transmutations
 + Level 1.0 Fire Magic
 + Level 1.0 Ice Magic
 + Level 1.0 Air Magic
 + Level 1.0 Earth Magic
 + Level 1.0 Poison Magic
 + Level 1.3 Invocations
 + Level 1.2 Evocations


You had 5 spell levels left.
You didn't know any spells.
Your spell library was empty.

Dungeon Overview and Level Annotations

Branches:
Dungeon (3/15)

Altars:
Cheibriados

Annotations:
D:3 Sigmund


Innate Abilities, Weirdness & Mutations

Your experience applies equally to all skills.
You have very sharp teeth.
Your uncanny sense of smell can sniff out nearby items.
Your body sometimes deteriorates upon taking damage.
You are dopey. (Int -2)


Message History

The kobold hits you with a +0 short sword.
* * * LOW HITPOINT WARNING * * *
The river rat barely misses you.
You hit the bat.
You kill the bat!
The hobgoblin closely misses you.
It was a potion of curing.
You feel better. The adder bites you. The river rat bites you!
* * * LOW HITPOINT WARNING * * *
Something hits you.
* * * LOW HITPOINT WARNING * * *
The adder bites you.
* * * LOW HITPOINT WARNING * * *
You are poisoned.
The adder poisons you! The hobgoblin barely misses you.
You hit the adder.
The adder seems to slow down.
You freeze the adder.
The adder is moderately wounded.
* * * LOW HITPOINT WARNING * * *
You feel sick. The river rat bites you.
You die...

*,..........##≈≈≈≈≈≈##,,*,* *****
**..........≈≈#≈≈≈#≈≈#,**,***≈*≈≈
*####..###.#≈≈≈≈≈≈≈≈#,**,*≈≈≈**≈
#..###.##≈#≈≈#≈≈#,.*,*≈*≈**≈
#.......#≈≈≈≈≈≈#...,,*≈*≈*≈≈
#.......#≈#≈≈#*#..#*,*≈*≈*≈*
##........##≈#....#*,*≈*≈*≈≈
#.................*,*≈*≈*≈*
##....#.Kg@.......,,*∩*≈≈≈≈
*******#....##.Sr.......,,*******
*,,,,,,#.....w..........,,≈≈≈≈≈≈≈
*,,,....................,*≈≈*≈*≈*
*,,,...#..####..........,,,≈,≈≈≈≈
*,,,.....#* #........#.,,,,,,,≈,
*,,,.....****###.###...#,,,,,,,,,
*,,,.....,,,,,,....,....,,,,,,,,,
*,,,...#,*******#.#.,..,,,,,,,,,,


You could see a worm, an adder, a river rat, a hobgoblin and a kobold.

Vanquished Creatures
  4 adders (D:2)
  An ooze (D:2)
  3 dart slugs
  4 leopard geckos
  4 bats
  A giant cockroach (D:1)
  11 goblins
  5 hobgoblins (D:1)
  2 jackals (D:1)
  4 frilled lizards
  10 kobolds
  7 rats
56 creatures vanquished.

Notes
Turn   | Place    | Note
-------+----------+-------------------------------------------
     0 | D:1      | FishyPogo the Gnoll Chaos Knight began the quest for the
                  | Orb.
     0 | D:1      | Reached XP level 1. HP: 23/23 MP: 1/1
    52 | D:1      | Reached XP level 2. HP: 29/29 MP: 2/2
   250 | D:1      | Reached XP level 3. HP: 34/35 MP: 3/3
   442 | D:1      | XOM: harmless Chrm miscast
   471 | D:1      | XOM: divination: detect creatures
   597 | D:1      | Reached skill level 1 in Invocations
   747 | D:1      | XOM: harmless Hex miscast
   831 | D:1      | XOM: give mutations
   831 | D:1      | Gained mutation: Your body sometimes deteriorates upon
                  | taking damage. [Xom's mischief]
   831 | D:1      | Gained mutation: You are dopey. (Int -2) [Xom's mischief]
   885 | D:1      | XOM: medium Necr miscast
   950 | D:1      | XOM: silly message
   983 | D:2      | Reached skill level 1 in Long Blades
   983 | D:2      | Reached skill level 1 in Axes
   983 | D:2      | Reached skill level 1 in Maces & Flails
   983 | D:2      | Reached skill level 1 in Polearms
   983 | D:2      | Reached skill level 1 in Staves
   983 | D:2      | Reached skill level 1 in Slings
   983 | D:2      | Reached skill level 1 in Bows
   983 | D:2      | Reached skill level 1 in Crossbows
   983 | D:2      | Reached skill level 1 in Throwing
   983 | D:2      | Reached skill level 1 in Stealth
   983 | D:2      | Reached skill level 1 in Shields
   983 | D:2      | Reached skill level 1 in Unarmed Combat
   983 | D:2      | Reached skill level 1 in Spellcasting
   983 | D:2      | Reached skill level 1 in Evocations
  1022 | D:2      | Reached XP level 4. HP: 28/41 MP: 5/5
  1139 | D:2      | Found a snail-covered altar of Cheibriados.
  1430 | D:2      | Reached skill level 1 in Conjurations
  1430 | D:2      | Reached skill level 1 in Hexes
  1430 | D:2      | Reached skill level 1 in Charms
  1430 | D:2      | Reached skill level 1 in Summonings
  1430 | D:2      | Reached skill level 1 in Necromancy
  1430 | D:2      | Reached skill level 1 in Translocations
  1430 | D:2      | Reached skill level 1 in Transmutations
  1430 | D:2      | Reached skill level 1 in Fire Magic
  1430 | D:2      | Reached skill level 1 in Ice Magic
  1430 | D:2      | Reached skill level 1 in Air Magic
  1430 | D:2      | Reached skill level 1 in Earth Magic
  1430 | D:2      | Reached skill level 1 in Poison Magic
  1562 | D:3      | Noticed Sigmund
  1584 | D:3      | Slain by a river rat

Levels and vault maps discovered:
D:1:      eino_arrival_cavern_c, layout_basic, chequers_serial_rivers_room_b
D:2:      layout_rooms, kennysheep_slug_shrine, first_ration,
          kennysheep_generic_room_9
D:3:      layout_rooms, lightli_sewer_entry_pipes, minivault_4,
          small_statue_alley_b, uniq_sigmund, uniq_ijyb

Skill      XL: |  1  2  3  4 |
---------------+-------------+-----
Invocations    | 1 |  1.3
Long Blades    | 1 |  1.2
Axes           | 1 |  1.2
Maces & Flails | 1 |  1.2
Polearms       | 1 |  1.2
Staves         | 1 |  1.2
Slings         | 1 |  1.2
Bows           | 1 |  1.2
Crossbows      | 1 |  1.2
Throwing       | 1 |  1.2
Stealth        | 1 |  1.2
Shields        | 1 |  1.2
Unarmed Combat | 1 |  1.2
Spellcasting   | 1 |  1.2
Evocations     | 1 |  1.2
Conjurations   | 1 |  1.0
Hexes          | 1 |  1.0
Charms         | 1 |  1.0
Summonings     | 1 |  1.0
Necromancy     | 1 |  1.0
Translocations | 1 |  1.0
Transmutations | 1 |  1.0
Fire Magic     | 1 |  1.0
Ice Magic      | 1 |  1.0
Air Magic      | 1 |  1.0
Earth Magic    | 1 |  1.0
Poison Magic   | 1 |  1.0
Fighting       | |  6.6
Short Blades   | |  6.6
Armour         | |  4.7
Dodging        | |  2.8

Action                   |  1- 3 |  4- 6 || total
-------------------------+-------+-------++-------
Melee: Short sword       |   113 |    61 ||   174
       Bite              |    11 |     5 ||    16
  Use: Scroll            |       |     3 ||     3
       Potion            |       |     2 ||     2
 Stab: Paralysed         |     1 |       ||     1
  Eat: Chunk             |       |     2 ||     2
Armor: Leather armour    |    30 |     8 ||    38
Dodge: Dodged            |    64 |    43 ||   107
